[Event "GM ZIA Smirity-A 2025"]
[Site "Dhaka"]
[Date "2025.02.20"]
[Round "6.9"]
[White "Md Nasir Uddin"]
[Black "Hamid, Rani"]
[Result "1-0"]
[Annotator "RC"]
[ECO "E32"]
[WhiteElo "2010"]
[BlackElo "1913"]
[PlyCount "97"]
[EventDate "2025.02.17"]
[EventType "swiss"]
[EventCountry "BAN"]
[SourceTitle "playchess.com"]
[Source "ChessBase"]
[SourceQuality "1"]
[TimeControl "5400+30"]

1. d4 Nf6 2. c4 e6 3. Nc3 Bb4 4. Nf3 O-O 5. Qc2 b6 6. e4 Bb7 7. Bd3 d5 8. cxd5 exd5 9. e5 Ne4 10. O-O Bxc3 11. bxc3 Nd7 12. c4 f5 13. cxd5 Bxd5 14. Ne1 c5 15. f3 Ng5 16. Bxf5 cxd4 17. Bxg5 Qxg5 18. Bxd7 Qxe5 19. Rd1 Rad8 20. Bb5 Bxf3 21. Rxf3 Qxb5 22. Rxf8+ Rxf8 23. Nf3 Qc5 24. Qxc5 bxc5 25. Rc1 Rf5 26. Kf2 Kf7 27. Ke2 Ke6 28. Rb1 g5 29. h3 h5 30. Rb7 g4 31. hxg4 hxg4 32. Nd2 Re5+ 33. Kd1 a5 34. Rg7 Kf5 35. Nc4 Re6 36. Rc7 Kf4 37. Rxc5 Kg3 38. Rg5 Rf6 39. Ne5 Rf1+ 40. Kc2 Rf2+ 41. Kb3 Rf4 42. Kc4 Rf8 43. Rxg4+ Kf2 44. Kxd4 Rb8 45. a3 Rd8+ 46. Kc5 Rc8+ 47. Kb5 Rd8 48. Nc4 Rd5+ 49. Ka4 1-0

[Event "GM ZIA Smirity-A 2025"]
[Site "Dhaka"]
[Date "2025.02.20"]
[Round "6.10"]
[White "Alam, Monjur"]
[Black "Chowdhury, Sohel"]
[Result "1-0"]
[Annotator "RC"]
[ECO "D63"]
[WhiteElo "1906"]
[BlackElo "2018"]
[PlyCount "87"]
[EventDate "2025.02.17"]
[EventType "swiss"]
[EventCountry "BAN"]
[SourceTitle "playchess.com"]
[Source "ChessBase"]
[SourceQuality "1"]
[TimeControl "5400+30"]

1. d4 d5 2. c4 c6 3. Nc3 Nf6 4. Bg5 e6 5. e3 Be7 6. Nf3 Nbd7 7. Rc1 h6 8. Bh4 O-O 9. a3 b6 10. cxd5 exd5 11. b4 Bb7 12. Qb3 Rc8 13. Be2 Ne4 14. Nxe4 dxe4 15. Bxe7 Qxe7 16. Nd2 Nf6 17. O-O Rfd8 18. Qb2 c5 19. bxc5 bxc5 20. Nb3 cxd4 21. Nxd4 Bd5 22. Rc3 Rxc3 23. Qxc3 Be6 24. Qa5 Rd5 25. Qa4 Rg5 26. Nxe6 Qxe6 27. Qxa7 Qh3 28. g3 h5 29. Rb1 h4 30. Bf1 Qe6 31. Qb8+ Kh7 32. Qf4 Rh5 33. Be2 Qa2 34. Re1 Qd2 35. Kf1 Rc5 36. Qxh4+ Kg8 37. Qf4 Rc1 38. Rxc1 Qxc1+ 39. Kg2 Qxa3 40. g4 Qe7 41. Bc4 g6 42. Qh6 Ne8 43. Qxg6+ Ng7 44. Bd5 1-0

[Event "GM ZIA Smirity-A 2025"]
[Site "Dhaka"]
[Date "2025.02.20"]
[Round "6.11"]
[White "Safayat, Kibria Azaan"]
[Black "Swarnavo Choudhury"]
[Result "0-1"]
[Annotator "RC"]
[ECO "B48"]
[WhiteElo "1850"]
[BlackElo "2120"]
[PlyCount "92"]
[EventDate "2025.02.17"]
[EventType "swiss"]
[EventCountry "BAN"]
[SourceTitle "playchess.com"]
[Source "ChessBase"]
[SourceQuality "1"]
[TimeControl "5400+30"]

1. e4 c5 2. Nf3 e6 3. d4 cxd4 4. Nxd4 Nc6 5. Nc3 Qc7 6. Be3 a6 7. Qd2 Nf6 8. f3 Bb4 9. Bd3 Nxd4 10. Bxd4 e5 11. Bf2 d5 12. a3 Bxc3 13. Qxc3 Qxc3+ 14. bxc3 dxe4 15. fxe4 Be6 16. Bc5 Nd7 17. Bb4 f6 18. a4 b6 19. a5 b5 20. Ke2 Kf7 21. Ke3 Rhc8 22. Rhf1 Nc5 23. h3 Na4 24. Ra3 Rc6 25. Kd2 Rd8 26. Ke3 Bc4 27. Rf2 Nb2 28. Rd2 Rc7 29. Ra1 Rcd7 30. Rb1 Nxd3 31. Rbd1 Nc5 32. Bxc5 Rxd2 33. Rxd2 Rxd2 34. Kxd2 Bf1 35. g3 Bxh3 36. Bf2 Bg2 37. Ke3 Kg6 38. Kd3 Kg5 39. c4 Bf1+ 40. Kc3 bxc4 41. Kb4 Kg4 42. c3 Kf3 43. Be1 Ke2 44. Kc5 Kxe1 45. Kb6 Kd2 46. Kxa6 Bg2 0-1

[Event "GM ZIA Smirity-A 2025"]
[Site "Dhaka"]
[Date "2025.02.20"]
[Round "6.12"]
[White "Sajidul, Haque"]
[Black "Masum, Hossain"]
[Result "1-0"]
[Annotator "RC"]
[ECO "A13"]
[WhiteElo "2107"]
[BlackElo "2011"]
[PlyCount "79"]
[EventDate "2025.02.17"]
[EventType "swiss"]
[EventCountry "BAN"]
[SourceTitle "playchess.com"]
[Source "ChessBase"]
[SourceQuality "1"]
[TimeControl "5400+30"]

1. c4 e6 2. Nf3 d5 3. g3 Nf6 4. Bg2 c6 5. b3 a5 6. O-O Nbd7 7. Nc3 Bd6 8. Bb2 e5 9. cxd5 cxd5 10. Nb5 Qb6 11. a4 d4 12. d3 Bc5 13. Nd2 O-O 14. Nc4 Qd8 15. e3 Re8 16. Kh1 Nb6 17. Nxe5 dxe3 18. d4 e2 19. Qxe2 Bb4 20. Rac1 Nbd5 21. Qc4 Be6 22. Nc7 Nxc7 23. Qxc7 Bxb3 24. Qxb7 Rb8 25. Qf3 Bxa4 26. Ra1 Bb5 27. Rfd1 Qd6 28. Bc1 Qa6 29. Qb3 Qe6 30. Qf3 Ba6 31. Bf4 Bb7 32. d5 Qf5 33. g4 Qc2 34. Rac1 Qa2 35. g5 Nxd5 36. Rxd5 Bd6 37. Qd3 Qxf2 38. Rf1 Qa2 39. Nc4 Bxf4 40. Ne5 1-0

[Event "GM ZIA Smirity-A 2025"]
[Site "Dhaka"]
[Date "2025.02.20"]
[Round "6.13"]
[White "Neelava, Choudhury"]
[Black "Sagor"]
[Result "0-1"]
[Annotator "RC"]
[ECO "B43"]
[WhiteElo "1784"]
[BlackElo "2001"]
[PlyCount "52"]
[EventDate "2025.02.17"]
[EventType "swiss"]
[EventCountry "BAN"]
[SourceTitle "playchess.com"]
[Source "ChessBase"]
[SourceQuality "1"]
[TimeControl "5400+30"]

1. e4 c5 2. Nf3 e6 3. d4 cxd4 4. Nxd4 a6 5. Nc3 Qc7 6. Be3 Nf6 7. Qf3 d6 8. O-O-O Nbd7 9. Qg3 b5 10. Bxb5 axb5 11. Ndxb5 Qb8 12. Ba7 Rxa7 13. Nxa7 Qxa7 14. f4 Bb7 15. e5 dxe5 16. fxe5 Nd5 17. Nxd5 Bxd5 18. a3 Qc5 19. Rhf1 g6 20. Qf4 Qe7 21. Qa4 Bh6+ 22. Kb1 O-O 23. c4 Nb6 24. Qa6 Nxc4 25. Rfe1 Qc5 26. Qa4 Nd2+ 0-1

[Event "GM ZIA Smirity-A 2025"]
[Site "Dhaka"]
[Date "2025.02.20"]
[Round "6.14"]
[White "Aiyan, Rahman"]
[Black "Rayan Rashid Mugdho"]
[Result "0-1"]
[Annotator "NA COMBH"]
[ECO "B55"]
[WhiteElo "1827"]
[BlackElo "1861"]
[PlyCount "122"]
[EventDate "2025.02.17"]
[EventType "swiss"]
[EventCountry "BAN"]
[SourceTitle "playchess.com"]
[Source "ChessBase"]
[SourceQuality "1"]
[TimeControl "5400+30"]

1. e4 c5 2. Nf3 d6 3. d4 cxd4 4. Nxd4 Nf6 5. f3 Qb6 6. c4 Nc6 7. Nb3 g6 8. Nc3 Bg7 9. Qe2 O-O 10. Be3 Qd8 11. Qd2 Ne5 12. Nd4 Bd7 13. Be2 Rc8 14. b3 a6 15. O-O Kh8 16. Rac1 Qa5 17. Rfd1 Nc6 18. a4 Rfd8 19. Bf1 e6 20. Qf2 Be8 21. Nde2 Nd7 22. Na2 Qc7 23. b4 Qb8 24. Nd4 Nde5 25. h3 Nxd4 26. Bxd4 Bxa4 27. Rd2 Bb3 28. f4 Nxc4 29. Bxc4 Bxc4 30. Bxg7+ Kxg7 31. Nc3 b5 32. f5 e5 33. f6+ Kh8 34. Rcd1 Bb3 35. Rc1 Rc6 36. Qh4 Qb6+ 37. Kh2 Qe3 38. Nd1 Qxd2 39. Rxc6 Bxd1 40. Rc7 Qf4+ 41. Qxf4 exf4 42. Rxf7 Bb3 43. Ra7 Be6 44. Rxa6 Kg8 45. Rb6 Kf7 46. Rxb5 Kxf6 47. Rb7 Ke5 48. Rxh7 Kxe4 49. Re7 Kd5 50. Rg7 Bf5 51. g4 fxg3+ 52. Kxg3 Rb8 53. b5 Rxb5 54. h4 Rb3+ 55. Kf4 Rb4+ 56. Kg3 Rg4+ 57. Kh3 g5 58. Rf7 Rxh4+ 59. Kg3 Rg4+ 60. Kf3 Rf4+ 61. Kg3 Ke5 0-1

[Event "GM ZIA Smirity-A 2025"]
[Site "Dhaka"]
[Date "2025.02.20"]
[Round "7.1"]
[White "Md Minhaz Uddin"]
[Black "Sakline Mostafa, Sajid"]
[Result "1/2-1/2"]
[Annotator "RC"]
[ECO "B30"]
[WhiteElo "2230"]
[BlackElo "2199"]
[PlyCount "63"]
[EventDate "2025.02.17"]
[EventType "swiss"]
[EventCountry "BAN"]
[SourceTitle "playchess.com"]
[Source "ChessBase"]
[SourceQuality "1"]
[TimeControl "5400+30"]

1. e4 c5 2. Nf3 Nc6 3. Nc3 e5 4. Bc4 Be7 5. d3 Nf6 6. O-O O-O 7. Bg5 d6 8. Bxf6 Bxf6 9. Nd5 g6 10. h3 Bg7 11. a3 Kh8 12. b4 f5 13. b5 Ne7 14. Nxe7 Qxe7 15. Qe2 Bd7 16. a4 f4 17. Kh2 h5 18. Bd5 Rab8 19. c4 Bh6 20. Rh1 g5 21. Kg1 Kg7 22. Nh2 Qe8 23. a5 g4 24. hxg4 hxg4 25. Nxg4 Bg5 26. Rh3 Qg6 27. f3 Rh8 28. a6 b6 29. Bc6 Be6 30. Bd5 Bd7 31. Bc6 Be6 32. Bd5 1/2-1/2

[Event "GM ZIA Smirity-A 2025"]
[Site "Dhaka"]
[Date "2025.02.20"]
[Round "7.2"]
[White "Zia, Tahsin Tajwar"]
[Black "Abu Sufian, Shakil"]
[Result "1/2-1/2"]
[Annotator "RC"]
[ECO "A38"]
[WhiteElo "2323"]
[BlackElo "2224"]
[PlyCount "77"]
[EventDate "2025.02.17"]
[EventType "swiss"]
[EventCountry "BAN"]
[SourceTitle "playchess.com"]
[Source "ChessBase"]
[SourceQuality "1"]
[TimeControl "5400+30"]

1. Nf3 c5 2. c4 Nf6 3. Nc3 Nc6 4. g3 g6 5. Bg2 Bg7 6. O-O d6 7. a3 O-O 8. Rb1 a5 9. d3 Bd7 10. h3 Nd4 11. Nxd4 cxd4 12. Nb5 Qb6 13. a4 Bc6 14. e4 Nd7 15. h4 f5 16. h5 fxe4 17. dxe4 Ne5 18. b3 Bd7 19. Bb2 Nc6 20. f4 Qc5 21. hxg6 hxg6 22. Bf3 d3+ 23. Kg2 Bxb2 24. Rxb2 Nb4 25. Rh1 Bxb5 26. axb5 Kg7 27. Qa1 e5 28. f5 Rh8 29. Qc1 Rxh1 30. Qxh1 Nc2 31. f6+ Kxf6 32. Qh4+ Kg7 33. Qe7+ Kh8 34. Rb1 Ne3+ 35. Kh2 Kg8 36. Qe6+ Kg7 37. Qe7+ Kg8 38. Qe6+ Kg7 39. Qe7+ 1/2-1/2

[Event "GM ZIA Smirity-A 2025"]
[Site "Dhaka"]
[Date "2025.02.20"]
[Round "7.3"]
[White "Mohammad, Javed"]
[Black "Rahman, Syed Mahfuzur"]
[Result "1-0"]
[Annotator "NA RC"]
[ECO "D12"]
[WhiteElo "2139"]
[BlackElo "2113"]
[PlyCount "221"]
[EventDate "2025.02.17"]
[EventType "swiss"]
[EventCountry "BAN"]
[SourceTitle "playchess.com"]
[Source "ChessBase"]
[SourceQuality "1"]
[TimeControl "5400+30"]

1. d4 d5 2. Nf3 c6 3. c4 e6 4. cxd5 exd5 5. Nc3 Bf5 6. e3 Nd7 7. Bd3 Bxd3 8. Qxd3 Ngf6 9. O-O Be7 10. Bd2 {[%emt 0:03:18] D12: Slav Defence: 3 Nf3 Nf6 4 e3 Bf5.} O-O 11. Rfc1 Re8 12. Be1 Bd6 13. Nd2 Qe7 14. h3 h5 15. a3 a5 16. Rc2 a4 17. Nf1 Ne4 18. f3 Nxc3 19. Rxc3 Nb6 20. Nd2 Qg5 21. Bf2 Re7 22. e4 (22. b4 $11) 22... Bf4 23. Be3 Bxe3+ 24. Qxe3 Qxe3+ 25. Rxe3 dxe4 26. fxe4 Rd8 27. Nf3 Nc4 28. Re2 Nd6 29. Rae1 Nb5 $11 30. Rd2 Red7 31. Red1 Nd6 32. Re2 f5 33. e5 Ne4 34. Nh4 Ng3 35. Rf2 Rxd4 36. Rxd4 Rxd4 37. Nxf5 Rd1+ 38. Kh2 Nf1+ 39. Kg1 Ng3+ 40. Kh2 Nf1+ 41. Kg1 Ne3+ 42. Kh2 Nxf5 43. Rxf5 Rd2 44. e6 Re2 45. Rxh5 Rxe6 46. Rh4 b5 47. Kg3 Re2 48. Rb4 Kf7 49. Kf3 Rc2 50. g3 Ke6 51. h4 Kf6 52. g4 Kg6 53. Kf4 Rf2+ 54. Kg3 Rd2 55. Kf4 Re2 56. h5+ Kh6 57. Rd4 Rf2+ 58. Kg3 Rxb2 59. Rd6+ Kh7 60. g5 Kg8 61. g6 Kf8 62. Rd8+ Ke7 63. h6 gxh6 64. g7 Rb3+ 65. Kf4 Kxd8 66. g8=Q+ Kc7 67. Qf8 Rd3 68. Ke4 Rd5 69. Qxh6 Kd7 70. Qf8 Kc7 71. Qe7+ Kb8 72. Qf7 Rd6 73. Ke5 Rd5+ 74. Ke6 Rd1 75. Qf2 Kb7 76. Qf7+ Kb8 77. Qf3 Rd5 78. Qf7 Rd1 79. Qg7 Rd5 80. Qh7 Rd8 81. Ke7 Rd5 82. Ke8 Kc8 83. Qa7 Re5+ 84. Kf7 Re2 85. Qd4 Kb7 86. Qd3 Re1 87. Qd2 Re4 88. Qd3 Re1 89. Kf6 Kc8 90. Qc3 Rf1+ 91. Ke6 Kc7 92. Qg7+ Kb6 93. Qd4+ Kb7 94. Kd6 Rf7 95. Qe5 Rh7 96. Qg5 Rf7 97. Qg6 Rc7 98. Qe8 Rc8 99. Qd7+ Kb8 100. Qe7 c5 101. Qd7 c4 102. Qxb5+ Ka7 103. Qxa4+ Kb6 104. Qb4+ Ka7 105. Kd7 Rh8 106. Qa5+ Kb7 107. Qd5+ Ka6 108. Qxc4+ Kb7 109. Qe4+ Ka6 110. Kc7 Rh5 111. Qa4+ 1-0

[Event "GM ZIA Smirity-A 2025"]
[Site "Dhaka"]
[Date "2025.02.20"]
[Round "7.4"]
[White "Islam, Khandaker Aminul"]
[Black "Alam, Monjur"]
[Result "1-0"]
[Annotator "RC"]
[ECO "B07"]
[WhiteElo "2169"]
[BlackElo "1906"]
[PlyCount "37"]
[EventDate "2025.02.17"]
[EventType "swiss"]
[EventCountry "BAN"]
[SourceTitle "playchess.com"]
[Source "ChessBase"]
[SourceQuality "1"]
[TimeControl "5400+30"]

1. d4 Nf6 2. Bf4 g6 3. Nc3 Bg7 4. e4 d6 5. Qd2 Nbd7 6. Nf3 c5 7. d5 O-O 8. Bd3 Ne8 9. Bh6 Ne5 10. Nxe5 dxe5 11. Bxg7 Kxg7 12. Qe3 Qa5 13. O-O e6 14. f4 exd5 15. Nxd5 exf4 16. Qxf4 Be6 17. Qe5+ Kg8 18. Qf4 Bc8 19. e5 1-0

[Event "GM ZIA Smirity-A 2025"]
[Site "Dhaka"]
[Date "2025.02.20"]
[Round "7.7"]
[White "Khan, Nazrana"]
[Black "Kazi Zarin, Tasnim"]
[Result "1/2-1/2"]
[Annotator "NA RC"]
[ECO "D36"]
[WhiteElo "1840"]
[BlackElo "1897"]
[PlyCount "37"]
[EventDate "2025.02.17"]
[EventType "swiss"]
[EventCountry "BAN"]
[SourceTitle "playchess.com"]
[Source "ChessBase"]
[SourceQuality "1"]
[TimeControl "5400+30"]

1. d4 Nf6 2. c4 e6 3. Nc3 d5 4. cxd5 exd5 5. Bg5 c6 6. e3 Nbd7 7. Bd3 h6 8. Bh4 Be7 9. Qc2 O-O 10. Nge2 Re8 11. O-O b6 12. f3 c5 13. Rae1 Bb7 14. Bf2 Bd6 15. Qd2 a6 16. Bg3 Nf8 17. Bb1 Ne6 18. Bxd6 Qxd6 19. Kh1 1/2-1/2

[Event "GM ZIA Smirity-A 2025"]
[Site "Dhaka"]
[Date "2025.02.20"]
[Round "7.8"]
[White "Swarnavo Choudhury"]
[Black "Sajidul, Haque"]
[Result "1/2-1/2"]
[Annotator "RC"]
[ECO "B15"]
[WhiteElo "2120"]
[BlackElo "2107"]
[PlyCount "40"]
[EventDate "2025.02.17"]
[EventType "swiss"]
[EventCountry "BAN"]
[SourceTitle "playchess.com"]
[Source "ChessBase"]
[SourceQuality "1"]
[TimeControl "5400+30"]

1. e4 c6 2. d4 d5 3. Nc3 dxe4 4. Nxe4 Nf6 5. Nxf6+ exf6 6. c3 Bd6 7. Bd3 O-O 8. Qc2 Re8+ 9. Ne2 h5 10. Be3 Nd7 11. O-O-O Nf8 12. Kb1 Be6 13. c4 Rc8 14. Nc3 Qa5 15. Ne4 Bb8 16. Nc5 b5 17. Nxe6 bxc4 18. Bxc4 Nxe6 19. Bxe6 Rxe6 20. d5 Ree8 1/2-1/2

[Event "GM ZIA Smirity-A 2025"]
[Site "Dhaka"]
[Date "2025.02.20"]
[Round "7.9"]
[White "Anata, Choudhury"]
[Black "Noshin, Anjum"]
[Result "0-1"]
[Annotator "RC"]
[ECO "C65"]
[WhiteElo "2206"]
[BlackElo "2053"]
[PlyCount "114"]
[EventDate "2025.02.17"]
[EventType "swiss"]
[EventCountry "BAN"]
[SourceTitle "playchess.com"]
[Source "ChessBase"]
[SourceQuality "1"]
[TimeControl "5400+30"]

1. e4 e5 2. Nf3 Nc6 3. Bb5 Nf6 4. d3 Bc5 5. Ba4 O-O 6. O-O d6 7. c3 Bb6 8. Nbd2 Ne7 9. Nc4 Ng6 10. Bc2 Re8 11. Re1 Be6 12. Nxb6 axb6 13. a3 d5 14. Qe2 h6 15. h3 b5 16. Be3 dxe4 17. dxe4 Bc4 18. Qd2 Qe7 19. Rad1 Rad8 20. Qc1 Nh5 21. g3 Qf6 22. Kg2 Be6 23. Rxd8 Rxd8 24. Rd1 Re8 25. Rh1 Rd8 26. a4 bxa4 27. Bxa4 Rd6 28. c4 Rd3 29. Bd1 Qd8 30. Be2 Rd7 31. Qc2 Qc8 32. c5 Nf6 33. b4 Qa8 34. Nd2 c6 35. Nc4 Bxc4 36. Bxc4 Qa3 37. Rb1 Ne8 38. b5 Kh7 39. bxc6 bxc6 40. Rb6 Rc7 41. Ra6 Qb4 42. Rb6 Qa3 43. Rb3 Qa8 44. Qb2 Qa4 45. Rb4 Qd1 46. Rb7 Rxb7 47. Qxb7 Qc2 48. Qxf7 Qxe4+ 49. Kh2 Nf6 50. Bf1 Qf3 51. Kg1 Qd1 52. Qc4 e4 53. Qd4 Qb1 54. Kg2 Nd5 55. Bd2 Nge7 56. g4 Ng6 57. Be2 Ndf4+ 0-1

[Event "GM ZIA Smirity-A 2025"]
[Site "Dhaka"]
[Date "2025.02.20"]
[Round "7.10"]
[White "Sagor"]
[Black "Hamid, Rani"]
[Result "1-0"]
[Annotator "NA RC"]
[ECO "B42"]
[WhiteElo "2001"]
[BlackElo "1913"]
[PlyCount "122"]
[EventDate "2025.02.17"]
[EventType "swiss"]
[EventCountry "BAN"]
[SourceTitle "playchess.com"]
[Source "ChessBase"]
[SourceQuality "1"]
[TimeControl "5400+30"]

1. e4 c5 2. Nf3 e6 3. d4 cxd4 4. Nxd4 a6 5. Bd3 Nf6 6. O-O d6 7. c4 Be7 8. Nc3 Nc6 {[%emt 0:00:11] B42: Sicilian: Kan Variation: 5 Bd3.} 9. Nxc6 bxc6 10. Qe2 e5 11. h3 O-O 12. f4 exf4 13. Bxf4 Nd7 14. Rad1 Ne5 15. c5 Qc7 16. Bxe5 dxe5 17. b4 a5 18. a3 axb4 19. axb4 Be6 20. Bc4 Bxc4 21. Qxc4 Ra3 22. Rd3 Qa7 23. Rfd1 Ra1 24. Kh2 Rxd1 25. Rxd1 g6 26. Rf1 Kg7 27. Nd1 Bg5 28. Qc3 f6 29. Nb2 Qa2 30. b5 cxb5 31. c6 Qa6 32. Rd1 Bf4+ 33. g3 b4 34. Qc4 Qa3 35. Nd3 Be3 36. Nxb4 ({Don't play} 36. Qxb4 Qa2+ 37. Qb2 Qa4 $15) 36... Bd4 37. Nd3 Qa8 {[%emt 0:05:49] [#]} 38. Rb1 ({Better is} 38. h4 $1) 38... Rc8 39. Nb4 h5 40. h4 Rc7 {[%emt 0:07:19] [#]} (40... Qb8 $142 41. Rc1 Ba7) 41. Rf1 $16 (41. Rc1 $1 $18) 41... Qa3 42. Nd5 Rc8 43. Nxf6 Qe3 44. Nxh5+ Kh8 45. Nf6 g5 46. hxg5 Qxg5 47. Rf5 Qd2+ 48. Kh3 Rf8 49. Qf1 Qh6+ 50. Nh5 Rc8 51. Qf3 Bc5 52. Rf6 Qg5 53. Qg4 Be3 54. Qxg5 Bxg5 55. Re6 Be3 56. Nf6 Kg7 57. Nd5 Bc5 58. c7 Bd4 59. Kg4 Kf7 60. Re7+ Kg6 61. Rd7 Re8 1-0

[Event "GM ZIA Smirity-A 2025"]
[Site "Dhaka"]
[Date "2025.02.20"]
[Round "7.11"]
[White "Rayan Rashid Mugdho"]
[Black "Tashriq Saihan, Shan"]
[Result "1/2-1/2"]
[Annotator "RC"]
[ECO "C56"]
[WhiteElo "1861"]
[BlackElo "1974"]
[PlyCount "58"]
[EventDate "2025.02.17"]
[EventType "swiss"]
[EventCountry "BAN"]
[SourceTitle "playchess.com"]
[Source "ChessBase"]
[SourceQuality "1"]
[TimeControl "5400+30"]

1. e4 e5 2. Nf3 Nc6 3. Bc4 Nf6 4. d4 exd4 5. e5 d5 6. Bb5 Ne4 7. Nxd4 Bc5 8. Be3 Bxd4 9. Qxd4 O-O 10. Bxc6 bxc6 11. O-O c5 12. Qd1 d4 13. Bf4 f6 14. Nd2 Nxd2 15. Qxd2 fxe5 16. Bxe5 Bb7 17. f4 Rf7 18. Rad1 Qd5 19. a3 Rd8 20. b4 Rfd7 21. Rf3 c4 22. Rg3 c3 23. Qf2 c5 24. Rg5 h6 25. Rg6 Re8 26. Qg3 Rxe5 27. fxe5 c4 28. Rd6 Rxd6 29. exd6 d3 1/2-1/2

[Event "GM ZIA Smirity-A 2025"]
[Site "Dhaka"]
[Date "2025.02.20"]
[Round "7.12"]
[White "Chowdhury, Sohel"]
[Black "Masum, Hossain"]
[Result "1-0"]
[Annotator "RC"]
[ECO "C06"]
[WhiteElo "2018"]
[BlackElo "2011"]
[PlyCount "79"]
[EventDate "2025.02.17"]
[EventType "swiss"]
[EventCountry "BAN"]
[SourceTitle "playchess.com"]
[Source "ChessBase"]
[SourceQuality "1"]
[TimeControl "5400+30"]

1. e4 e6 2. d4 d5 3. Nd2 Nf6 4. Bd3 c5 5. e5 Nfd7 6. c3 Nc6 7. Ne2 Qb6 8. Nf3 Be7 9. O-O O-O 10. a3 a5 11. Bc2 f5 12. Nf4 Nd8 13. h4 Nf7 14. g3 Rd8 15. Re1 Nf8 16. Kg2 g6 17. Rb1 Bd7 18. Be3 c4 19. Rh1 Qc7 20. a4 Rdb8 21. Qd2 b5 22. axb5 a4 23. Ra1 Bxb5 24. Rhb1 Bc6 25. Qd1 Rb3 26. Bxb3 cxb3 27. Nd3 Bb5 28. Nc1 Rc8 29. Nd3 Nd7 30. Nf4 Qc6 31. Kh3 Nb6 32. Nd2 Kg7 33. Nxb3 axb3 34. Qxb3 Ba4 35. Qa2 Bc2 36. Qa7 Bd8 37. Qa6 Bxb1 38. Rxb1 Qc7 39. Nxe6+ Kg8 40. Nxc7 1-0

[Event "GM ZIA Smirity-A 2025"]
[Site "Dhaka"]
[Date "2025.02.20"]
[Round "7.13"]
[White "Tahmidul, Haque"]
[Black "Safayat, Kibria Azaan"]
[Result "1/2-1/2"]
[Annotator "NA RC"]
[ECO "E04"]
[WhiteElo "2016"]
[BlackElo "1850"]
[PlyCount "115"]
[EventDate "2025.02.17"]
[EventType "swiss"]
[EventCountry "BAN"]
[SourceTitle "playchess.com"]
[Source "ChessBase"]
[SourceQuality "1"]
[TimeControl "5400+30"]

1. Nf3 Nf6 2. d4 e6 3. c4 d5 4. g3 dxc4 5. Bg2 c5 6. O-O Nc6 7. Qa4 Bd7 8. dxc5 Bxc5 9. Qxc4 Qb6 10. Nc3 Na5 {[%emt 0:05:03] E04: Open Catalan: 5 Nf3.} 11. Qh4 O-O 12. e4 Rfe8 13. e5 Nd5 14. Ne4 Be7 15. Bg5 Bxg5 16. Nfxg5 h6 17. Qh5 Rf8 18. b3 Qd4 19. Nh3 Nc6 20. Nd6 Qxe5 21. Qxe5 Nxe5 22. Nxb7 Bc6 23. Na5 Rac8 24. Rfe1 Nd7 25. Nxc6 Rxc6 26. Nf4 N7f6 27. Rad1 Rd8 28. Nxd5 exd5 29. Re7 a6 30. Ra7 Rdd6 31. Bf1 g6 32. Rd4 Ne4 33. Ra4 {[%emt 0:05:47] [#]} Nc3 $14 (33... Rc1 $1 $17 34. Kg2 (34. R4xa6 $2 {too greedy.} Rxa6 35. Rxa6 Nd2 $19) 34... Rf6) 34. R4xa6 Rxa6 35. Rxa6 Rxa6 36. Bxa6 Nxa2 37. Kf1 Kf8 38. Bb7 Nb4 39. Ke2 Ke7 40. Ke3 Kd6 41. Kd4 Nc2+ 42. Kc3 Ne1 43. h4 g5 44. hxg5 hxg5 45. Ba6 Nf3 46. b4 Ne5 47. Bf1 Ng4 48. Kd4 Nxf2 49. Bg2 f5 50. Bxd5 f4 51. gxf4 gxf4 52. b5 Kc7 53. Bf3 Kb6 54. Be2 Nd1 55. Bxd1 Kxb5 56. Ba4+ Kxa4 57. Ke4 Ka5 58. Kxf4 1/2-1/2

[Event "GM ZIA Smirity-A 2025"]
[Site "Dhaka"]
[Date "2025.02.20"]
[Round "7.14"]
[White "Islam, M.M. Zahirul"]
[Black "Neelava, Choudhury"]
[Result "1-0"]
[Annotator "RC"]
[ECO "D02"]
[WhiteElo "1912"]
[BlackElo "1784"]
[PlyCount "97"]
[EventDate "2025.02.17"]
[EventType "swiss"]
[EventCountry "BAN"]
[SourceTitle "playchess.com"]
[Source "ChessBase"]
[SourceQuality "1"]
[TimeControl "5400+30"]

1. d4 d5 2. Bf4 Nf6 3. e3 Bg4 4. Nf3 e6 5. c4 Bb4+ 6. Nc3 dxc4 7. Qa4+ Nc6 8. Ne5 Bxc3+ 9. bxc3 O-O 10. Nxc6 bxc6 11. Qxc6 Nd5 12. Bxc4 Nxf4 13. exf4 Qf6 14. Qe4 c5 15. O-O cxd4 16. cxd4 Rad8 17. d5 exd5 18. Bxd5 Rfe8 19. Qa4 Re7 20. Rfe1 g6 21. Bb3 Rd4 22. Qa3 Rde4 23. Qa5 Rxe1+ 24. Rxe1 Rxe1+ 25. Qxe1 Qxf4 26. h3 Bd7 27. Qc3 a6 28. Bc4 Bb5 29. Bd5 Qf5 30. Qd4 Qd3 31. Qxd3 Bxd3 32. f4 Kg7 33. Kf2 f5 34. Ke3 Bb5 35. Kd4 Kf6 36. h4 h6 37. Kc5 g5 38. hxg5+ hxg5 39. g3 gxf4 40. gxf4 Be2 41. Kd4 Bf1 42. a4 Kg6 43. a5 Be2 44. Be6 Kf6 45. Bc4 Bf3 46. Bxa6 Ke7 47. Ke5 Be4 48. Bc8 Kf8 49. a6 1-0

[Event "GM ZIA Smirity-A 2025"]
[Site "Dhaka"]
[Date "2025.02.20"]
[Round "7.15"]
[White "Abrar, Reazul Ahnaf Mohamma"]
[Black "Aiyan, Rahman"]
[Result "0-1"]
[Annotator "NA RC"]
[ECO "B01"]
[WhiteElo "1771"]
[BlackElo "1827"]
[PlyCount "64"]
[EventDate "2025.02.17"]
[EventType "swiss"]
[EventCountry "BAN"]
[SourceTitle "playchess.com"]
[Source "ChessBase"]
[SourceQuality "1"]
[TimeControl "5400+30"]

1. e4 d5 2. exd5 Qxd5 3. Nc3 Qa5 4. Nf3 Nf6 5. d4 c6 6. Bc4 Bf5 7. O-O e6 8. Bf4 Bb4 9. Qd2 Ne4 10. Qe3 Nxc3 11. bxc3 Bxc3 12. Rab1 b5 13. Bb3 Bb4 14. Be5 O-O 15. g4 Bg6 16. h4 f6 17. Bxb8 Raxb8 18. Qxe6+ Kh8 19. Qe3 Rbe8 20. Qf4 Qd8 21. Qg3 Bd6 22. Qg2 Re4 23. Rfe1 Rf4 24. Qh3 h5 25. gxh5 Bf5 26. Qh1 Be4 27. Re3 Qd7 28. Kf1 Qg4 29. Ke2 Rxf3 30. Rg1 Rxe3+ 31. Kxe3 Qf4+ 32. Ke2 Bxh1 0-1

[Event "GM ZIA Smirity-A 2025"]
[Site "Dhaka"]
[Date "2025.02.21"]
[Round "8.1"]
[White "Mohammad, Javed"]
[Black "Md Minhaz Uddin"]
[Result "1/2-1/2"]
[Annotator "RC"]
[ECO "C42"]
[WhiteElo "2139"]
[BlackElo "2230"]
[PlyCount "37"]
[EventDate "2025.02.17"]
[EventType "swiss"]
[EventCountry "BAN"]
[SourceTitle "playchess.com"]
[Source "ChessBase"]
[SourceQuality "1"]
[TimeControl "5400+30"]

1. e4 e5 2. Nf3 Nf6 3. Nxe5 d6 4. Nf3 Nxe4 5. d4 d5 6. Bd3 Nc6 7. O-O Be7 8. Re1 Bg4 9. c4 Nf6 10. cxd5 Qxd5 11. Nc3 Bxf3 12. Nxd5 Bxd1 13. Nxf6+ gxf6 14. Rxd1 O-O-O 15. Be3 Kb8 16. Be4 Nb4 17. d5 f5 18. Bxf5 Nxd5 19. Bd4 1/2-1/2

[Event "GM ZIA Smirity-A 2025"]
[Site "Dhaka"]
[Date "2025.02.21"]
[Round "8.2"]
[White "Islam, Khandaker Aminul"]
[Black "Zia, Tahsin Tajwar"]
[Result "0-1"]
[Annotator "RC"]
[ECO "E06"]
[WhiteElo "2169"]
[BlackElo "2323"]
[PlyCount "132"]
[EventDate "2025.02.17"]
[EventType "swiss"]
[EventCountry "BAN"]
[SourceTitle "playchess.com"]
[Source "ChessBase"]
[SourceQuality "1"]
[TimeControl "5400+30"]

1. d4 d5 2. c4 e6 3. Nf3 Nf6 4. g3 Be7 5. Bg2 Ne4 6. O-O f5 7. Qc2 c6 8. b3 Nd7 9. Ba3 Bf6 10. Nc3 Qa5 11. Bb2 O-O 12. e3 b5 13. cxb5 cxb5 14. Ne2 Bb7 15. Nf4 Rac8 16. Qe2 b4 17. Rfc1 Ba6 18. Qe1 Rxc1 19. Bxc1 g5 20. Nxe6 Re8 21. Nexg5 Bxg5 22. Nxg5 Nxg5 23. Bd2 Rc8 24. Bxb4 Qb5 25. a4 Qc6 26. Ba3 Ne4 27. Rc1 Qb7 28. b4 Rxc1 29. Qxc1 Qc8 30. b5 Qxc1+ 31. Bxc1 Bc8 32. a5 Kf7 33. Bf1 Ke6 34. Ba3 Nd2 35. Bd3 Nc4 36. Bb4 Nf6 37. Bc5 Bd7 38. Bxa7 Bxb5 39. Bc5 Nd7 40. f3 Nxc5 41. dxc5 Bc6 42. e4 Nxa5 43. exd5+ Bxd5 44. Kf2 Nb3 45. g4 f4 46. Bxh7 Ke5 47. Bc2 Nxc5 48. h4 Ne6 49. Bd1 Nd4 50. Be2 Kf6 51. Bd1 Ke5 52. Kg2 Bc6 53. Kf2 Kd6 54. Kg2 Be8 55. Kf2 Kd5 56. Be2 Nxe2 57. Kxe2 Kd4 58. Kd2 Bf7 59. Ke2 Kc3 60. Kf2 Kd2 61. h5 Kd3 62. Kg2 Ke3 63. Kh3 Kxf3 64. Kh4 Ke4 65. g5 f3 66. g6 f2 0-1